cohdb
Replays
Latest Replays
All Replays
Popular Replays
Top Player Replays
Match Explorer
How It Works
Community
CoH3 Stats
Reddit
Sign in to upload your games and track your stats! →
Sign in with Steam
Match 42982553
Unlisted
Match 42982553
Overview
Messages
Build Orders
End
Selects Airborne Battlegroup
Selects Heavy Machine Gun Paradrop
Construct Barracks
Heavy Machine Gun Paradrop
Riflemen Squad
Riflemen Squad
M1 Mortar Team
Selects Paratrooper Squad Paradrop
Grenade Package
Construct Medical Station
Infantry Support Center
Heavy Machine Gun Paradrop
M1918 Browning Automatic Rifles
Heavy Machine Gun Paradrop
Selects Anti-tank Gun Team Paradrop
Anti-tank Gun Team Paradrop
Construct Tank Depot
Selects Recon Loiter
Selects Supply Drop
Heavy Machine Gun Paradrop
Paratrooper Squad Paradrop
tubagznyven
Marteen Sultans presidente
Bengek323
Ozrealix
Kai-shek Logistics
Daniel
Eggthar
Crazyperson
0
0
Comments
sign in to comment!
No comments posted yet!